TOP OF THE 1ST |
University of Alabama Crimson Tide batting - Pitching for Louisiana State University Tigers : LHP Dan Cunningham
|
Pitching: LHP Dan Cunningham
|
|
Batting: RHB Danny Rosario
|
0-0: Ball 1-0: Ball 2-0: Ground out 3-1 (Groundball, 34S, EV 88.1 MPH)
|
Batting: RHB Matt Williams
|
0-0: Ball 1-0: SINGLE (Groundball, 4MD, EV 99.4 MPH)
|
Batting: RHB Hughie Withers
|
0-0: Ball 1-0: Swinging Strike 1-1: Ball 2-1: Swinging Strike 2-2: Ball 3-2: Base on Balls Matt Williams to second
|
Batting: RHB Eric Kilmer
|
0-0: Swinging Strike 0-1: Swinging Strike 0-2: Ball 1-2: Ball 2-2: Fly out, F9 (Flyball, 89S, EV 91.9 MPH)
|
Batting: LHB Brian Van
|
0-0: Swinging Strike 0-1: Swinging Strike 0-2: Strikes out swinging
|
Top of the 1st over - 0 runs, 1 hit, 0 errors, 2 left on base; University of Alabama 0 - Louisiana State University 0 |
BOTTOM OF THE 1ST |
Louisiana State University Tigers batting - Pitching for University of Alabama Crimson Tide : RHP Kirk James
|
Pitching: RHP Kirk James
|
|
Batting: LHB Elijah Mallandain
|
0-0: Called Strike 0-1: Swinging Strike 0-2: Strikes out looking
|
Batting: RHB Alfredo Padilla
|
0-0: Called Strike 0-1: Ball 1-1: Ball 2-1: Foul Ball, location: 2F 2-2: Foul Ball, location: 2F 2-2: Foul Ball, location: 2F 2-2: Ball 3-2: Base on Balls
|
Batting: RHB Pete Roberts
|
0-0: Ball 1-0: Ball 2-0: Called Strike 2-1: Swinging Strike 2-2: Ball 3-2: Strikes out swinging
|
Batting: RHB Winston Vasquez
|
0-0: Called Strike 0-1: Ball 1-1: Ball 2-1: Swinging Strike 2-2: Hit by Pitch Alfredo Padilla to second
|
Batting: RHB Keith Ashton
|
0-0: Ball 1-0: Ball 2-0: Foul Ball, location: 2F 2-1: Foul Ball, location: 2F 2-2: Strikes out swinging
|
Bottom of the 1st over - 0 runs, 0 hits, 0 errors, 2 left on base; University of Alabama 0 - Louisiana State University 0 |
TOP OF THE 2ND |
University of Alabama Crimson Tide batting - Pitching for Louisiana State University Tigers : LHP Dan Cunningham
|
Batting: RHB Gustavo Delgado
|
0-0: Ground out 6-3 (Groundball, 6, EV 101.2 MPH)
|
Batting: RHB B.J. Clark
|
0-0: Ball 1-0: Reached on error, E6 (Groundball, 6, EV 100.6 MPH)
|
Batting: LHB Yu-shu Ni
|
0-0: Called Strike 0-1: Ball 1-1: Ball 2-1: Called Strike 2-2: Foul Ball, location: 2F 2-2: SINGLE (Line Drive, 4MD, EV 103.1 MPH) B.J. Clark to third
|
Batting: LHB Robby Ramires
|
0-0: Called Strike 0-1: Ball 1-1: Fielders Choice at 2nd, 3-6 (Groundball, 3, EV 109.4 MPH) B.J. Clark scores
|
Batting: RHB Danny Rosario
|
0-0: Fly out, F9 (Flyball, 89D, EV 108.8 MPH)
|
Top of the 2nd over - 1 run, 1 hit, 1 error, 1 left on base; University of Alabama 1 - Louisiana State University 0 |
BOTTOM OF THE 2ND |
Louisiana State University Tigers batting - Pitching for University of Alabama Crimson Tide : RHP Kirk James
|
Batting: RHB Leo Roldan
|
0-0: Ground out 6-3 (Groundball, 6M, EV 76.2 MPH)
|
Batting: RHB Peter Turcotte
|
0-0: Ground out 6-3 (Groundball, 56, EV 97.5 MPH)
|
Batting: LHB Josh Lane
|
0-0: Ball 1-0: Ball 2-0: Called Strike 2-1: Fly out, F8 (Flyball, 8RD, EV 98.8 MPH)
|
Bottom of the 2nd over - 0 runs, 0 hits, 0 errors, 0 left on base; University of Alabama 1 - Louisiana State University 0 |
TOP OF THE 3RD |
University of Alabama Crimson Tide batting - Pitching for Louisiana State University Tigers : LHP Dan Cunningham
|
Batting: RHB Matt Williams
|
0-0: Ball 1-0: Ball 2-0: Ball 3-0: Foul Ball, location: 2F 3-1: Foul Ball, location: 2F 3-2: Foul Ball, location: 2F 3-2: Strikes out swinging
|
Batting: RHB Hughie Withers
|
0-0: Ball 1-0: Called Strike 1-1: Called Strike 1-2: Foul Ball, location: 2F 1-2: SINGLE (Groundball, 34D, EV 105.6 MPH)
|
Batting: RHB Eric Kilmer
|
0-0: Called Strike 0-1: Grounds into double play, 4-6-3 (Groundball, 34, EV 100.6 MPH)
|
Top of the 3rd over - 0 runs, 1 hit, 0 errors, 0 left on base; University of Alabama 1 - Louisiana State University 0 |
BOTTOM OF THE 3RD |
Louisiana State University Tigers batting - Pitching for University of Alabama Crimson Tide : RHP Kirk James
|
Batting: LHB Oscar Rivera
|
0-0: Ball 1-0: Called Strike 1-1: Swinging Strike 1-2: Foul Ball, location: 2F 1-2: Ball 2-2: Foul Ball, location: 2F 2-2: Strikes out swinging
|
Batting: LHB Elijah Mallandain
|
0-0: Ground out 4-3 (Groundball, 4, EV 97.5 MPH)
|
Batting: RHB Alfredo Padilla
|
0-0: Called Strike 0-1: Ball 1-1: Ball 2-1: Ground out 5-3 (Groundball, 56S, EV 78.8 MPH)
|
Bottom of the 3rd over - 0 runs, 0 hits, 0 errors, 0 left on base; University of Alabama 1 - Louisiana State University 0 |
TOP OF THE 4TH |
University of Alabama Crimson Tide batting - Pitching for Louisiana State University Tigers : LHP Dan Cunningham
|
Batting: LHB Brian Van
|
0-0: Swinging Strike 0-1: Ball 1-1: Foul Ball, location: 2F 1-2: Ball 2-2: Ball 3-2: Foul Ball, location: 2F 3-2: Foul Ball, location: 2F 3-2: Fly out, F8 (Flyball, 78D, EV 94.4 MPH)
|
Batting: RHB Gustavo Delgado
|
0-0: Ball 1-0: Foul Ball, location: 2F 1-1: Ball 2-1: Ball 3-1: Swinging Strike 3-2: Strikes out swinging
|
Batting: RHB B.J. Clark
|
0-0: Ball 1-0: Ball 2-0: Foul Ball, location: 2F 2-1: Foul Ball, location: 2F 2-2: Ball 3-2: Foul Ball, location: 2F 3-2: Foul Ball, location: 2F 3-2: Strikes out looking
|
Top of the 4th over - 0 runs, 0 hits, 0 errors, 0 left on base; University of Alabama 1 - Louisiana State University 0 |
BOTTOM OF THE 4TH |
Louisiana State University Tigers batting - Pitching for University of Alabama Crimson Tide : RHP Kirk James
|
Batting: RHB Pete Roberts
|
0-0: Foul Ball, location: 2F 0-1: Called Strike 0-2: Ball 1-2: Strikes out looking
|
Batting: RHB Winston Vasquez
|
0-0: Hit by Pitch
|
Batting: RHB Keith Ashton
|
0-0: Swinging Strike 0-1: Ball 1-1: Ball 2-1: Grounds into double play, 5-4-3 (Groundball, 56, EV 104.4 MPH)
|
Bottom of the 4th over - 0 runs, 0 hits, 0 errors, 0 left on base; University of Alabama 1 - Louisiana State University 0 |
TOP OF THE 5TH |
University of Alabama Crimson Tide batting - Pitching for Louisiana State University Tigers : LHP Dan Cunningham
|
Batting: LHB Yu-shu Ni
|
0-0: Called Strike 0-1: Fly out, F5 (Flyball, 5D, EV 95.6 MPH)
|
Batting: LHB Robby Ramires
|
0-0: Ground out 6-3 (Groundball, 56, EV 88.8 MPH)
|
Batting: RHB Danny Rosario
|
0-0: Ball 1-0: Foul Ball, location: 2F 1-1: Foul Ball, location: 2F 1-2: Ground out 4-3 (Groundball, 34, EV 103.1 MPH)
|
Top of the 5th over - 0 runs, 0 hits, 0 errors, 0 left on base; University of Alabama 1 - Louisiana State University 0 |
BOTTOM OF THE 5TH |
Louisiana State University Tigers batting - Pitching for University of Alabama Crimson Tide : RHP Kirk James
|
Batting: RHB Leo Roldan
|
0-0: Called Strike 0-1: Called Strike 0-2: Ball 1-2: Ground out 4-3 (Groundball, 4, EV 87.5 MPH)
|
Batting: RHB Peter Turcotte
|
0-0: Called Strike 0-1: Ball 1-1: Foul Ball, location: 2F 1-2: SINGLE (Popup, 3D, EV 68.8 MPH)
|
Batting: LHB Josh Lane
|
0-0: Ball Wild Pitch! Peter Turcotte to second 1-0: Ball 2-0: Foul Ball, location: 2F 2-1: Foul Ball, location: 2F 2-2: Ground out 6-3 (Groundball, 6, EV 106.2 MPH)
|
Batting: LHB Oscar Rivera
|
0-0: Ball 1-0: Ball 2-0: Ball 3-0: Called Strike 3-1: Foul Ball, location: 2F 3-2: Strikes out swinging
|
Bottom of the 5th over - 0 runs, 1 hit, 0 errors, 1 left on base; University of Alabama 1 - Louisiana State University 0 |
TOP OF THE 6TH |
University of Alabama Crimson Tide batting - Pitching for Louisiana State University Tigers : LHP Dan Cunningham
|
Pitching: RHP Brian Hilbert
|
|
Batting: RHB Matt Williams
|
0-0: Ground out 6-3 (Groundball, 6, EV 91.2 MPH)
|
Batting: RHB Hughie Withers
|
0-0: Ball 1-0: Ball 2-0: Ball 3-0: Called Strike 3-1: Called Strike 3-2: Ground out 5-3 (Groundball, 5, EV 77.5 MPH)
|
Batting: RHB Eric Kilmer
|
0-0: Ball 1-0: Foul Ball, location: 2F 1-1: Called Strike 1-2: Foul Ball, location: 2F 1-2: Ball 2-2: Ground out 6-3 (Groundball, 6, EV 84.4 MPH)
|
Top of the 6th over - 0 runs, 0 hits, 0 errors, 0 left on base; University of Alabama 1 - Louisiana State University 0 |
BOTTOM OF THE 6TH |
Louisiana State University Tigers batting - Pitching for University of Alabama Crimson Tide : RHP Kirk James
|
Batting: LHB Elijah Mallandain
|
0-0: Ball 1-0: Ball 2-0: Called Strike 2-1: Ball 3-1: Ground out 4-3 (Groundball, 4S, EV 81.2 MPH)
|
Pitching: RHP Devon Williams
|
|
Batting: RHB Alfredo Padilla
|
0-0: Called Strike 0-1: DOUBLE (Line Drive, 89D, EV 92.5 MPH)
|
Batting: SHB Brian Caruso
|
0-0: Foul Ball, location: 2F 0-1: Foul Ball, location: 2F 0-2: Ball 1-2: Strikes out looking
|
Pinch Hitting: RHB Stewart Walker
|
0-0: Called Strike 0-1: Ground out 5-3 (Groundball, 56S, EV 82.5 MPH)
|
Bottom of the 6th over - 0 runs, 1 hit, 0 errors, 1 left on base; University of Alabama 1 - Louisiana State University 0 |
TOP OF THE 7TH |
University of Alabama Crimson Tide batting - Pitching for Louisiana State University Tigers : RHP Brian Hilbert
|
Now at 2B: Michael Maier
|
|
Batting: LHB Brian Van
|
0-0: Foul Ball, location: 2F 0-1: Swinging Strike 0-2: Strikes out looking
|
Pinch Hitting: LHB Platon Protopsaltis
|
0-0: Ball 1-0: Ball 2-0: Called Strike 2-1: Ground out 5-3 (Groundball, 56, EV 86.9 MPH)
|
Pinch Hitting: LHB Dallas Shaw
|
0-0: Swinging Strike 0-1: Called Strike 0-2: Ball 1-2: Ground out 4-3 (Groundball, 4, EV 86.2 MPH)
|
Top of the 7th over - 0 runs, 0 hits, 0 errors, 0 left on base; University of Alabama 1 - Louisiana State University 0 |
BOTTOM OF THE 7TH |
Louisiana State University Tigers batting - Pitching for University of Alabama Crimson Tide : RHP Devon Williams
|
Now at 1B: Onorato Zacagnini
|
|
Now in CF: Joe Blackwood
|
|
Pinch Hitting: RHB Byung-hee Jee
|
0-0: Ball 1-0: Ball 2-0: Ball 3-0: Called Strike 3-1: Swinging Strike 3-2: Ground out 6-3 (Groundball, 6M, EV 87.5 MPH)
|
Pitching: RHP Ryan Kath
|
|
Pinch Hitting: LHB Jon Valdez
|
0-0: Called Strike 0-1: Ball 1-1: Ball 2-1: Swinging Strike 2-2: Strikes out swinging
|
Pinch Hitting: RHB Zachary Acker
|
0-0: Swinging Strike 0-1: Ball 1-1: Ball 2-1: Swinging Strike 2-2: Foul Ball, location: 2F 2-2: Foul Ball, location: 2F 2-2: SINGLE (Line Drive, 5D, EV 105.6 MPH)
|
Pinch Hitting: LHB Manny Grado
|
0-0: Ball 1-0: Fly out, F5 (Line Drive, 6, EV 69.4 MPH)
|
Bottom of the 7th over - 0 runs, 1 hit, 0 errors, 1 left on base; University of Alabama 1 - Louisiana State University 0 |
TOP OF THE 8TH |
University of Alabama Crimson Tide batting - Pitching for Louisiana State University Tigers : RHP Brian Hilbert
|
Now at 1B: Zachary Acker
|
|
Now at 3B: Bernie Benavides
|
|
Now at SS: Byung-hee Jee
|
|
Now in RF: Manny Grado
|
|
Batting: LHB Yu-shu Ni
|
0-0: Ball 1-0: TRIPLE (Flyball, 8RD, EV 86.2 MPH)
|
Batting: LHB Robby Ramires
|
0-0: Swinging Strike 0-1: Ball 1-1: Ball 2-1: Ground out 3-1 (Groundball, 3, EV 102.5 MPH)
|
Batting: RHB Danny Rosario
|
0-0: Intentional Walk
|
Pinch Hitting: LHB Matt Barkley
|
0-0: Called Strike Danny Rosario steals 2nd base 0-1: Ball 1-1: Ball 2-1: Ball 3-1: Swinging Strike 3-2: Foul Ball, location: 2F 3-2: Foul Ball, location: 2F 3-2: Base on Balls
|
Pitching: RHP Jeremy Kolb
|
|
Batting: RHB Hughie Withers
|
0-0: Foul Ball, location: 2F 0-1: Ball 1-1: Foul Ball, location: 2F 1-2: Foul Ball, location: 2F 1-2: Foul Ball, location: 2F 1-2: Fly out, F7 (Flyball, 7, EV 81.9 MPH) Runner from 3rd tags up, OUT at HOME! 7-2
|
Top of the 8th over - 0 runs, 1 hit, 0 errors, 2 left on base; University of Alabama 1 - Louisiana State University 0 |
BOTTOM OF THE 8TH |
Louisiana State University Tigers batting - Pitching for University of Alabama Crimson Tide : RHP Ryan Kath
|
Pitching: RHP Francisco Rodriquez
|
|
Now at 3B: Mike Bidwell
|
|
Pinch Hitting: RHB Steve McCoig
|
0-0: Called Strike 0-1: Ball 1-1: Ball 2-1: Ball 3-1: Fly out, F7 (Flyball, 7D, EV 86.2 MPH)
|
Pinch Hitting: LHB John Carter
|
0-0: Foul Ball, location: 2F 0-1: Ball 1-1: Ball 2-1: Foul Ball, location: 2F 2-2: Ball 3-2: Strikes out swinging
|
Batting: RHB Alfredo Padilla
|
0-0: Swinging Strike 0-1: Swinging Strike 0-2: Strikes out swinging, 2-3 out at first.
|
Bottom of the 8th over - 0 runs, 0 hits, 0 errors, 0 left on base; University of Alabama 1 - Louisiana State University 0 |
TOP OF THE 9TH |
University of Alabama Crimson Tide batting - Pitching for Louisiana State University Tigers : RHP Jeremy Kolb
|
Now in LF: Alex Morales
|
|
Now in CF: John Carter
|
|
Pinch Hitting: RHB Fernando Reyes
|
0-0: Foul Ball, location: 2F 0-1: Foul Ball, location: 2F 0-2: Ball 1-2: Ball 2-2: Ball 3-2: Strikes out swinging
|
Pinch Hitting: LHB Adam Antico
|
0-0: Swinging Strike 0-1: Ball 1-1: Ball 2-1: Ball 3-1: Base on Balls
|
Batting: RHB Onorato Zacagnini
|
0-0: Foul Ball, location: 2F Balk! Adam Antico to second 0-1: Ball Wild Pitch! Adam Antico to third 1-1: Ball 2-1: Called Strike 2-2: Fly out, F7 (Flyball, 7, EV 89.4 MPH) Runner from 3rd tags up, SCORES, throw by LF
|
Batting: LHB Joe Blackwood
|
0-0: Foul Ball, location: 2F 0-1: Ground out 5-3 (Groundball, 56, EV 108.1 MPH)
|
Top of the 9th over - 1 run, 0 hits, 0 errors, 0 left on base; University of Alabama 2 - Louisiana State University 0 |
BOTTOM OF THE 9TH |
Louisiana State University Tigers batting - Pitching for University of Alabama Crimson Tide : RHP Francisco Rodriquez
|
Pitching: RHP Marco Soto
|
|
Now at C: Larry Brown
|
|
Now in LF: Danny Schultz
|
|
Batting: SHB Brian Caruso
|
0-0: Ball 1-0: Foul Ball, location: 2F 1-1: Foul Ball, location: 2F 1-2: Ball 2-2: Ball 3-2: Ground out 6-3 (Groundball, 4M, EV 80.0 MPH)
|
Pinch Hitting: SHB Paul Blaylock
|
0-0: Ball 1-0: Swinging Strike 1-1: Ball 2-1: Ball 3-1: DOUBLE (Line Drive, 7LS, EV 94.4 MPH)
|
Batting: RHB Byung-hee Jee
|
0-0: Foul Ball, location: 2F 0-1: Foul Ball, location: 2F 0-2: Ball 1-2: Ball 2-2: Foul Ball, location: 2F 2-2: Ground out 4-3 (Groundball, 4M, EV 85.6 MPH) Paul Blaylock to third
|
Pinch Hitting: RHB Elvin Ruffolo
|
0-0: Ball 1-0: Ball 2-0: Ball 3-0: Called Strike 3-1: Foul Ball, location: 2F 3-2: Strikes out swinging
|
Bottom of the 9th over - 0 runs, 1 hit, 0 errors, 1 left on base; University of Alabama 2 - Louisiana State University 0 |
|